Map: 10000 Feet LE

Players

Dork - Winner!

  • Race: Zerg Zerg
  • League: Master
  • Spawn Location: 5:00

A.I. 1 (Very Easy)

  • Race: Terran Terran
  • Spawn Location: 11:00

VOD

Have the link to the VOD?

Description

Time

  • Played on: March 29, 2026, 12:05 p.m.
  • Length: 7:02
Show
View Real Time Build Order
Export as new Build Order

Dork Zerg - Winner!

Build Orders: Hatch First 

Get SALT Encoding   

  12  0:00  Drone  
  13  0:08  Drone  
  13  0:14  Extractor, Drone  
  15  0:21  Overlord  
  15  0:44  Hatchery  
  15  0:45  Drone  
  15  0:48  Drone  
  16  0:52  Drone  
  17  0:59  Drone  
  18  1:10  Spawning Pool  
  17  1:13  Extractor  
  17  1:14  Drone  
  17  1:18  Drone  
  18  1:28  Drone  
  19  1:39  Overlord  
  19  1:50  Drone  
  20  1:57  Zergling x2  
  20  1:58  Queen x2  
  25  2:01  Drone  
  25  2:07  Drone  
  27  2:11  Drone  
  28  2:18  Drone  
  28  2:22  Drone  
  30  2:28  Overlord  
  30  2:38  Drone  
  30  2:39  Queen  
  30  2:40  Queen  
  30  2:43  Drone  
  36  2:46  Overlord  
  36  2:54  Drone x2  
  38  3:01  Drone  
  39  3:16  Lair  
  39  3:19  Hatchery  
  38  3:20  Drone  
  38  3:21  Drone x4  
  38  3:24  Extractor  
  38  3:25  Metabolic Boost  
  38  3:26  Extractor  
  41  3:30  Drone  
  41  3:31  Drone  
  43  3:41  Extractor  
  42  3:42  Drone x2  
  42  3:43  Drone  
  45  3:50  Overlord  
  45  3:51  Drone x2  
  45  3:52  Drone x3  
  50  4:05  Overlord  
  50  4:07  Drone x2  
  52  4:10  Drone  
  52  4:15  Evolution Chamber, Hydralisk Den  
  51  4:23  Overlord  
  51  4:35  Drone x3  
  51  4:36  Drone  
  55  4:41  Zerg Ground Armor Level 1  
  55  4:44  Grooved Spines, Hydralisk  
  55  4:45  Hydralisk x3  
  63  4:47  Hydralisk  
  63  4:50  Hydralisk  
  67  4:58  Hydralisk x2  
  71  5:00  Zergling x2  
  72  5:10  Hydralisk x3  
  72  5:13  Zergling x4  
  80  5:17  Overlord  
  80  5:18  Overlord  
  80  5:20  Overseer  
  80  5:31  Overlord  
  80  5:33  Drone x2  
  80  5:34  Muscular Augments  
  82  5:39  Hydralisk  
  82  5:40  Hydralisk x2  
  82  5:41  Zergling x4  
  90  5:47  Hydralisk x2  
  92  5:57  Overlord  
  92  5:58  Hydralisk x2  
  92  5:59  Zergling x4  
  98  6:10  Hydralisk x3  
  104  6:12  Zergling x2  
  104  6:13  Overlord  
  105  6:23  Hydralisk x3  
  105  6:24  Zergling x4  
  113  6:29  Overlord  
  113  6:33  Hydralisk x2  
  113  6:34  Zergling x2  
Show
View Real Time Build Order
Export as new Build Order

A.I. 1 (Very Easy) Terran 

Build Orders: Reaper Expand 

Get SALT Encoding   

  12  0:00  SCV  
  13  0:13  SCV  
  14  0:18  Supply Depot  
  14  0:41  Barracks  
  14  1:03  Command Center  
  14  1:28  Marine  
  14  1:30  Supply Depot, Orbital Command  
  15  1:35  Refinery  
  15  1:48  Refinery  
  15  1:56  SCV  
  16  2:08  SCV  
  17  2:16  Reaper  
  17  2:20  SCV  
  17  2:22  SCV  
  20  2:32  SCV  
  20  2:36  SCV  
  22  2:42  Refinery  
  22  2:44  SCV  
  22  2:50  SCV  
  24  2:57  SCV  
  24  2:58  Marine  
  26  3:05  SCV  
  27  3:12  SCV, Factory  
  28  3:38  Refinery, SCV  
  28  3:40  Marine  
  30  3:45  SCV  
  31  3:52  SCV  
  32  3:56  Supply Depot  
  32  3:58  Starport  
  32  4:00  SCV  
  33  4:07  SCV  
  34  4:14  SCV  
  35  4:21  SCV  
  35  4:22  Reaper  
  37  4:28  SCV  
  38  4:35  Starport Tech Lab  
  38  4:36  SCV  
  39  4:39  Supply Depot  
  39  4:43  SCV  
  40  4:50  SCV  
  41  4:54  Raven  
  41  4:57  SCV  
  44  5:04  SCV, Marine  
  46  5:11  SCV  
  47  5:19  SCV  
  50  5:28  Raven  
  50  5:43  SCV  
  50  5:46  Marine  
  45  6:02  Raven  
  45  6:05  Barracks Tech Lab  
  45  6:07  SCV  
  45  6:09  Supply Depot  
  40  6:16  Hellion  
  31  6:21  SCV  
  26  6:33  SCV  
  26  6:35  Supply Depot  
  18  6:45  SCV  
Tags
 
Add a new tag
Caveats
  • Supply blocks, unpowered buildings, or Contaminate may cause inaccurate times.
  • Supply counts are checked every 10 seconds.